 Dungeon Crawl Stone Soup version 0.20.0-15-g7f486f2 (webtiles) character file.

168 robba the Ruffian (level 5, -1/50 HPs)
             Began as a Troll Berserker on June 29, 2017.
             Was a Believer of Trog.
             Slain by a centaur (6 damage)
             ... on level 4 of the Dungeon.
             The game lasted 00:13:39 (2401 turns).

robba the Ruffian (Troll Berserker)                 Turns: 2401, Time: 00:13:39

Health: -1/50      AC:  5    Str: 23 (25) XL:     5   Next: 23%
Magic:  4/4        EV: 10    Int:  3      God:    Trog [**....]
Gold:   294        SH:  0    Dex: 10      Spells: 4/4 levels left

rFire    . . .     SeeInvis .     - Unarmed
rCold    . . .     Gourm    +   (no shield)
rNeg     . . .     Faith    .   a - +0 animal skin
rPois    .         Spirit   .   (helmet restricted)
rElec    .         Reflect  .   (no cloak)
rCorr    .         Harm     +   (gloves unavailable)
MR       +++..                  (boots unavailable)
Stlth    +.........             k - amulet of harm
Regen    1.6/turn               (no ring)
MPRegen  0.1/turn               h - ring of protection from magic

@: regenerating
A: unfitting armour, claws 3, fast metabolism 3, gourmand, regeneration 1,
shaggy fur 1, tough skin 2
a: Berserk, Trog's Hand, Burn Spellbooks, Renounce Religion


You were on level 4 of the Dungeon.
You worshipped Trog.
Trog was pleased with you.
You were not hungry.

You visited 1 branch of the dungeon, and saw 4 of its levels.

You collected 294 gold pieces.

Inventory:

Missiles
 f - 84 stones (quivered)
 i - 5 javelins
Armour
 a - a +0 animal skin (worn)
Jewellery
 d - an uncursed ring of ice
 e - an uncursed ring of poison resistance
 h - a ring of protection from magic (right claw)
 k - an amulet of harm (around neck)
 p - an uncursed ring of magical power {unknown}
Scrolls
 c - 5 scrolls of teleportation {unknown}
 l - a scroll of identify {unknown}
 r - a scroll of remove curse
Potions
 m - a potion of haste
 n - a potion of curing {unknown}
 o - a potion of heal wounds {unknown}
Comestibles
 b - 3 bread rations
 g - 7 fruits
 j - 4 meat rations


   Skills:
 + Level 2.7 Fighting
 + Level 3.3 Dodging
 + Level 0.4 Stealth
 + Level 4.8 Unarmed Combat


You had 4 spell levels left.
You didn't know any spells.

Dungeon Overview and Level Annotations

Branches:
Dungeon (4/15)
 Temple: D:4-7

Altars:

Shops:
D:4 [


Innate Abilities, Weirdness & Mutations

You are too large for most types of armour.
You have claws for hands.
Your metabolism is lightning-fast.
You like to eat raw meat.
Your natural rate of healing is unusually fast.
You are covered in fur. (AC +1)
You have very tough skin. (AC +2)


Message History

You feel resistant to hostile enchantments.
The centaur shoots an arrow.
The arrow closely misses you.
The centaur unwields an uncursed shortbow.
The centaur closely misses you.
You closely miss the centaur. The centaur closely misses you.
The centaur hits you.
* * * LOW HITPOINT WARNING * * *
You scratch the centaur.
The centaur is lightly wounded.
The centaur closely misses you.
You scratch the centaur.
The centaur is heavily wounded.
The centaur hits you.
* * * LOW HITPOINT WARNING * * *
The centaur hits you!
* * * LOW HITPOINT WARNING * * *
You scratch the centaur.
The centaur is severely wounded.
The centaur hits you.
You die...

.. #.###########
#...........############
...........((...........
#..........(###........#
..........(## #........#
..........(# #...######
......c@(.(# #...#
......(....# #...#
...........# #...#
...........# #...#
...........'. #...######
...........#.##.........
...........#.##....#####
.########### ##.........
####......


You could see a centaur.

Vanquished Creatures
  A bullfrog skeleton (D:3)
  A worker ant (D:4)
  2 adders (D:2)
  2 oozes (D:3)
  3 worms
  A dart slug (D:2)
  3 leopard geckos
  2 orcs (D:3)
  3 ball pythons
  5 bats
  3 giant cockroaches
  10 goblins
  11 hobgoblins
  5 jackals
  A quokka (D:3)
  A frilled lizard (D:1)
  6 kobolds
  10 rats
70 creatures vanquished.

Notes
Turn   | Place    | Note
-------+----------+-------------------------------------------
     0 | D:1      | robba the Troll Berserker began the quest for the Orb.
     0 | D:1      | Reached XP level 1. HP: 22/22 MP: 0/0
   101 | D:1      | Reached XP level 2. HP: 29/29 MP: 1/1
   431 | D:1      | Reached XP level 3. HP: 36/36 MP: 2/2
   663 | D:2      | Reached ** piety under Trog
   897 | D:2      | Reached skill level 4 in Unarmed Combat
   970 | D:2      | Reached XP level 4. HP: 39/44 MP: 3/3
  2087 | D:3      | Reached XP level 5. HP: 39/50 MP: 4/4
  2288 | D:4      | Found Akheoc's Antique Armour Shop.
  2387 | D:4      | Noticed a centaur
  2401 | D:4      | Slain by a centaur

Skill      XL: |  1  2  3 |
---------------+----------+-----
Dodging        | 3 |  3.3
Unarmed Combat | 4 |  4.8
Fighting       | |  2.7
Stealth        | |  0.4

Action                   |  1- 3 |  4- 6 || total
-------------------------+-------+-------++-------
Melee: Unarmed           |   111 |    63 ||   174
       Punch             |     2 |     2 ||     4
Invok: Trog's Hand       |       |     1 ||     1
  Use: Scroll            |       |     3 ||     3
       Potion            |       |     3 ||     3
  Eat: Chunk             |    14 |     9 ||    23
Armor: Animal skin       |    46 |    11 ||    57
Dodge: Dodged            |    76 |    35 ||   111
